 Dungeon Crawl Stone Soup version 0.24.0-123-gd5b16e6ec5 (webtiles) character file.

Game seed: 16034744907800605928, levelgen mode: deterministic

6611 Lemonice the Zephyrmancer (level 11, 0/53 (54) HPs)
             Began as a Tengu Air Elementalist on Feb 8, 2020.
             Was a Follower of Sif Muna.
             Shot with a bolt by a yaktaur captain (15 damage)
             ... on level 9 of the Dungeon.
             The game lasted 00:47:51 (14146 turns).

Lemonice the Zephyrmancer (Tengu Air Elementalist) Turns: 14146, Time: 00:47:52

HP:   0/53 (54)     AC:  4    Str: 12    XL:     11   Next: 2%
MP:   23/23         EV: 24    Int: 18    God:    Sif Muna [*.....]
Gold: 665           SH:  0    Dex: 16    Spells: 18/25 levels left

rFire    . . .     SeeInvis .   x - +0 quarterstaff
rCold    . . .     Gourm    .   (shield currently unavailable)
rNeg     + . .     Faith    .   E - +2 robe {rN+}
rPois    .         Spirit   .   (helmet restricted)
rElec    .         Reflect  .   (no cloak)
rCorr    +         Harm     .   (no gloves)
MR       .....                  (boots unavailable)
Stlth    ++........             (no amulet)
HPRegen  0.17/turn              p - ring of resist corrosion
MPRegen  0.18/turn              (no ring)

@: flying quickly and evasively, quick
A: beak, talons 3, repulsion field 1, agile 1, strong 1, able to fly
a: Stop Flying, Channel Magic, Renounce Religion


You were on level 9 of the Dungeon.
You worshipped Sif Muna.
Sif Muna was aware of your devotion.
You were not hungry.

You visited 2 branches of the dungeon, and saw 10 of its levels.
You also visited: Ossuary.

You collected 665 gold pieces.

Inventory:

Hand Weapons
 f - a +0 dagger
 x - a +0 quarterstaff (weapon)
Armour
 a - a +1 robe
 E - a +2 robe of positive energy (worn)
Jewellery
 p - a ring of resist corrosion (left hand)
 C - an uncursed ring of fire
Wands
 y - a wand of paralysis (19)
 A - a wand of iceblast (9)
 B - a wand of random effects (23)
 D - a wand of digging (6)
 G - a wand of enslavement (8)
Scrolls
 h - 4 scrolls of remove curse
 k - 4 scrolls of fear
 l - 5 scrolls of teleportation
 r - 2 scrolls of magic mapping
 s - 6 scrolls of identify
 u - a scroll of enchant armour
 v - 3 scrolls of amnesia {unknown}
 w - a scroll of immolation
 z - a scroll of enchant weapon {unknown}
Potions
 b - 2 potions of degeneration
 d - 7 potions of curing
 e - a potion of berserk rage
 g - a potion of cancellation {unknown}
 i - 3 potions of heal wounds {unknown}
 j - 2 potions of lignification
 m - 2 potions of flight {unknown}
 n - a potion of invisibility {unknown}
 o - a potion of magic {unknown}
 q - a potion of agility
 t - a potion of resistance {unknown}
Comestibles
 c - 14 rations
 F - a chunk of flesh


   Skills:
 - Level 0.1 Fighting
 + Level 9.1 Dodging
 - Level 2.0 Stealth
 - Level 0.2 Unarmed Combat
 + Level 7.8 Spellcasting
 + Level 10.7 Conjurations
 + Level 11.4 Air Magic


You had 18 spell levels left.
You knew the following spells:

 Your Spells              Type           Power        Failure   Level  Hunger
a - Shock                 Conj/Air       ####         1%          1    None
b - Swiftness             Chrm/Air       ####....     1%          2    None
c - Airstrike             Air            #####.....   1%          4    ###....

Your spell library contained the following spells:

 Spells                   Type           Power        Failure   Level  Hunger
 Static Discharge         Conj/Air       #####...     1%          3    #......
 Lightning Bolt           Conj/Air       #####.....   3%          5    #####..


Dungeon Overview and Level Annotations

Branches:
Dungeon (9/15)             Temple (1/1) D:4         Ossuary (visited)
   Lair: D:8-11         Orc: D:9-12

Altars:
Ashenzari
Cheibriados
Dithmenos
Elyvilon
Fedhas
Gozag
Hepliaklqana
Kikubaaqudgha
Makhleb
Nemelex Xobeh
Okawaru
Qazlal
Ru
Sif Muna
Trog
Uskayaw
Vehumet
Wu Jian
Xom
Yredelemnul
Zin
The Shining One

Shops:
D:6 %


Innate Abilities, Weirdness & Mutations

You have a beak for a mouth.
You have claws for feet.
You can fly continuously.
You are surrounded by a mild repulsion field. (EV +2)
You are agile. (Dex +2)
Your muscles are strong. (Str +2)


Message History

There is an open door here.
s - 6 scrolls of identify (gained 1)
i - 3 purple potions (gained 2)
You reach down and open the door.
There is an open door here.
You reach down and open the large door.
There is a large open translucent door here.
An orc knight comes into view. It is wielding a +0 great sword.
Found a bloodstained altar of Trog.
A yaktaur captain comes into view.
The yaktaur captain shouts!
The yaktaur captain wields a +0 arbalest.
The yaktaur captain shoots a bolt.
The bolt hits you!!!
Ouch! That really hurt!
* * * LOW HITPOINT WARNING * * *
Found a shattered altar of Ashenzari.
You see here a bolt.
There is a large open translucent door here.
The yaktaur captain shoots a bolt.
The bolt hits you!
You die...

#.......##..####........
#...................#...
#...................##.#
#...................####
#.....)######.......##.
#....#⌠...##.....##..
#.8'8#c._..#....##..§
#.#.######c#...##..≈§
#.#.@'.....#..##..≈§.
#.#..'.....#..#..≈.≈.
##.#.######.#..#.≈...≈
#..8'8#o._..#..#..≈.≈.
#.....#⌠...##..#...≈..
#.....######...#..≈.≈.
#..............#.≈...≈
#.######.......#..≈.≈.
#.# ###.......##÷.§..


You could see a yaktaur captain.

Vanquished Creatures
  A rakshasa (D:9)
  Pikel (D:7)
  Joseph (D:7)
  Psyche (D:8)
  Grinder (D:3)
  Sigmund (D:3)
  A wyvern (D:8)
  A hungry ghost (D:7)
  Menkaure (D:5)
  Duvessa (D:7)
  3 sky beasts
  2 ice beasts
  4 orc warriors
  A phantom (D:6)
  A necrophage (D:5)
  3 ogres
  3 centaurs
  Blork the orc (D:5)
  5 bullfrogs
  A water moccasin zombie (D:9)
  Dowan (D:7)
  2 scorpions (D:6)
  3 killer bees
  4 wights (D:7)
  2 howler monkeys
  4 crimson imps
  2 lava snakes (D:9)
  6 hounds
  A jelly (D:6)
  2 orc priests
  8 orc wizards
  2 bullfrog skeletons
  4 iguanas
  6 worker ants
  A big kobold zombie (Ossuary)
  A hound zombie (Ossuary)
  A hound skeleton (D:5)
  4 mummies (Ossuary)
  A worker ant zombie (D:5)
  A howler monkey skeleton (D:9)
  8 gnolls
  14 adders
  6 shadow imps
  An ooze (D:2)
  An adder skeleton (D:3)
  3 adder zombies
  2 worms (D:2)
  A dart slug (D:2)
  2 leopard geckos
  20 orcs
  5 bats
  14 giant cockroaches
  11 goblins
  6 hobgoblins
  14 jackals
  4 quokkas
  A ball python (D:5)
  6 frilled lizards
  A gnoll zombie (Ossuary)
  2 hobgoblin zombies (Ossuary)
  2 jackal zombies
  5 kobolds
  2 kobold zombies (Ossuary)
  A leopard gecko skeleton (D:7)
  A leopard gecko zombie (D:5)
  A quokka skeleton (D:9)
  A rat (D:1)
  3 rat zombies (Ossuary)
228 creatures vanquished.

Notes
Turn   | Place    | Note
-------+----------+-------------------------------------------
     0 | D:1      | Lemonice the Tengu Air Elementalist began the quest for the
                  | Orb.
     0 | D:1      | Reached XP level 1. HP: 10/10 MP: 4/4
   133 | D:1      | Reached XP level 2. HP: 14/15 MP: 3/6
   613 | D:1      | Reached XP level 3. HP: 19/19 MP: 3/7
  1462 | D:2      | Reached skill level 5 in Air Magic
  1474 | D:2      | Reached XP level 4. HP: 22/24 MP: 0/8
  2140 | D:2      | Learned a level 2 spell: Swiftness
  2471 | D:3      | Gained mutation: You can fly continuously. [Tengu growth]
  2471 | D:3      | Reached XP level 5. HP: 28/28 MP: 3/10
  2740 | D:3      | Noticed Grinder
  2751 | D:3      | Paralysed by Grinder for 2 turns
  3018 | D:3      | Noticed Sigmund
  3028 | D:4      | Noticed an orc warrior
  3235 | D:4      | Gained mutation: You are surrounded by a mild repulsion
                  | field. (EV +2) [potion of mutation]
  3235 | D:4      | Gained mutation: Your muscles are strong. (Str +2) [potion
                  | of mutation]
  3235 | D:4      | Gained mutation: You are agile. (Dex +2) [potion of
                  | mutation]
  3378 | D:4      | Found a staircase to the Ecumenical Temple.
  3425 | D:4      | Found a sand-covered staircase.
  3429 | Ossuary  | Entered an ossuary
  3484 | Ossuary  | HP: 1/28 [big kobold zombie (4)]
  3486 | Ossuary  | Reached XP level 6. HP: 2/32 MP: 2/11
  4186 | D:4      | Reached skill level 6 in Air Magic
  4822 | D:4      | Learned a level 4 spell: Airstrike
  5073 | D:3      | Found a sacrificial altar of Ru.
  5173 | D:3      | Killed Sigmund
  5173 | D:3      | Reached XP level 7. HP: 33/36 MP: 4/13
  5594 | D:3      | Reached skill level 5 in Conjurations
  5807 | D:3      | Paralysed by Grinder for 2 turns
  5829 | D:3      | Killed Grinder
  5829 | D:3      | Reached skill level 7 in Air Magic
  5952 | Temple   | Entered the Ecumenical Temple
  6191 | D:4      | Reached skill level 5 in Dodging
  6191 | D:4      | Reached XP level 8. HP: 41/41 MP: 6/15
  6259 | D:5      | Entered Level 5 of the Dungeon
  6647 | D:5      | Reached skill level 5 in Spellcasting
  6647 | D:5      | Reached skill level 8 in Air Magic
  6830 | D:5      | Noticed Blork the orc
  7120 | D:5      | Killed Blork the orc
  7533 | D:5      | Noticed Menkaure
  7536 | D:5      | Killed Menkaure
  7536 | D:5      | Reached XP level 9. HP: 44/44 MP: 5/18
  7695 | D:5      | Found a sparkling altar of Nemelex Xobeh.
  7696 | D:5      | Found a shattered altar of Ashenzari.
  7698 | D:5      | Found a shimmering blue altar of Sif Muna.
  7698 | D:5      | Found a radiant altar of Vehumet.
  7699 | D:5      | Found a blossoming altar of Fedhas.
  7766 | D:5      | Found a stormy altar of Qazlal.
  7767 | D:5      | Found a shadowy altar of Dithmenos.
  7892 | D:5      | Became a worshipper of Sif Muna the Loreminder
  8219 | D:6      | Found a hide-covered altar of Uskayaw.
  8521 | D:6      | Reached skill level 9 in Air Magic
  9171 | D:6      | Found Feicveb's Food Shop.
  9862 | D:7      | Found a bloodstained altar of Trog.
 10005 | D:7      | Noticed Dowan
 10303 | D:7      | Reached * piety under Sif Muna
 10659 | D:7      | Noticed Duvessa
 10672 | D:7      | Killed Duvessa
 10748 | D:7      | Killed Dowan
 11039 | D:7      | Reached skill level 10 in Air Magic
 11039 | D:7      | Reached XP level 10. HP: 49/49 MP: 15/20
 11187 | D:7      | Noticed Pikel
 11191 | D:7      | Killed Pikel
 11373 | D:7      | Noticed Joseph
 11386 | D:7      | Killed Joseph
 12169 | D:8      | Noticed Psyche
 12175 | D:8      | Killed Psyche
 12352 | D:8      | Reached skill level 10 in Conjurations
 13107 | D:9      | Reached skill level 11 in Air Magic
 13986 | D:9      | Noticed a rakshasa
 13987 | D:9      | Found a large runed translucent door.
 14006 | D:9      | Killed a rakshasa
 14006 | D:9      | Reached XP level 11. HP: 53/53 MP: 4/23
 14120 | D:9      | Found a large runed translucent door.
 14137 | D:9      | Found a bloodstained altar of Trog.
 14137 | D:9      | Noticed an orc knight
 14140 | D:9      | Found a shattered altar of Ashenzari.
 14140 | D:9      | Noticed a yaktaur captain
 14146 | D:9      | Shot with a bolt by a yaktaur captain

Levels and vault maps discovered:
D:1:      minmay_arrival_open_corners, layout_basic, kennysheep_minor_cross
D:2:      layout_basic
D:3:      layout_basic, columned_hall_lemuel, nrook_campfire,
          nicolae_ru_awakened_eye, uniq_sigmund, uniq_grinder
D:4:      layout_basic, minmay_temple_entry_mini_moons, enter_ossuary_5,
          kennysheep_generic_room_14
D:5:      layout_basic, grunt_temple_overflow_open, first_ration,
          minmay_circle_x, uniq_menkaure, uniq_blork_the_orc
D:6:      layout_loops_ring, eat_drink_and_be_merry_uskayaw, serial_shops,
          shop_statue, grunt_decor_mini_mirrors
D:7:      layout_basic, bloody_trog, uniq_duvessa, uniq_joseph, uniq_pikel
D:8:      layout_cave_pools, uniq_psyche
D:9:      layout_cave_pools, kennysheep_cluttered_room, grunt_ogre_cave,
          jmf_multi_god_temple2
Temple:   cyrus_circular_temple

Skill      XL: |  1  2  3  4  5  6  7  8  9 10 |
---------------+-------------------------------+-----
Conjurations   | 2 3 4 5 7 9 10 | 10.7
Air Magic      | 5 6 7 8 10 11 | 11.4
Dodging        | 3 4 5 6 7 9 |  9.1
Spellcasting   | 3 4 5 6 7 |  7.8
Fighting       | |  0.1
Stealth        | |  2.0
Unarmed Combat | |  0.2

Action                   |  1- 3 |  4- 6 |  7- 9 | 10-12 || total
-------------------------+-------+-------+-------+-------++-------
Melee: Unarmed           |    12 |       |       |       ||    12
       Peck              |     2 |     9 |     1 |       ||    12
       Kick              |     2 |    11 |     1 |     1 ||    15
       Dagger            |     1 |    58 |       |       ||    59
       Quarterstaff      |       |       |     4 |     3 ||     7
 Cast: Shock             |    52 |   121 |   138 |    48 ||   359
       Swiftness         |       |     2 |     4 |       ||     6
       Airstrike         |       |     1 |    70 |    74 ||   145
 Abil: Fly               |       |     1 |       |       ||     1
  Use: Scroll            |       |    15 |       |       ||    15
       Potion            |       |     1 |       |       ||     1
 Stab: Sleeping          |       |     2 |       |       ||     2
  Eat: Chunk             |     2 |     8 |    22 |    14 ||    46
       Ration            |       |     1 |     2 |     1 ||     4
Armor: Robe              |     9 |    12 |     5 |     6 ||    32
Dodge: Dodged            |    30 |   103 |    59 |    43 ||   235
